 Dungeon Crawl Stone Soup version 0.31-a0-848-gaac375c287 (webtiles) character file.

Game seed: 15266293529923110407

5911 croobank the Covert (level 10, 0/82 HPs)
             Began as a Gnoll Delver on Oct 5, 2023.
             Was an Initiate of Gozag.
             Killed from afar by a wretched star (15 damage)
             ... with a lance of force
             ... on level 1 of the Abyss.
             The game lasted 00:27:14 (8951 turns).

croobank the Covert (Gnoll Delver)                  Turns: 8951, Time: 00:27:15

Health: 0/82       AC: 14    Str: 14    XL:     10   Next: 82%
Magic:  14/14      EV: 14    Int: 22    God:    Gozag
Gold:   1085       SH:  0    Dex: 13    Spells: 18/20 levels left

rFire   x x .        D - +3 short sword (elec)
rCold   . . .        (no shield)
rNeg    . . .        b - +0 leather armour
rPois   .            z - +2 hat {Int+3}
rElec   .            o - +2 cloak
rCorr   .            G - +2 pair of gloves
SInv    .            y - +2 pair of boots
Will    +....        p - amulet "Aheh Lofeat" {RegenMP Str+2 Int+5 Stlth-}
Stlth   +++          j - ring of wizardry
HPRegen 0.33/turn    l - ring of willpower
MPRegen 0.54/turn

%: wizardry (x1)
@: no status effects
A: fangs 1, strong nose, distributed training, [deformed body], [low MP 2],
[heat vulnerability 2]
a: Renounce Religion, Potion Petition, Call Merchant, Bribe Branch


You were on level 1 of the Abyss.
You worshipped Gozag.
Gozag was most pleased with you.
You visited 2 branches of the dungeon, and saw 10 of its levels.
You visited the Abyss 1 time.

You collected 1215 gold pieces.
You paid 130 gold pieces to Gozag.

Inventory:

Hand Weapons
 a - a +1 short sword
 h - a +2 scythe of venom
 D - a +3 short sword of electrocution (weapon)
 F - a +2 dagger of venom
Missiles
 A - a dart of dispersal
 B - 12 poisoned darts
 H - a curare-tipped dart
 I - 2 datura-tipped darts
Armour
 b - a +0 leather armour (worn)
 k - a +1 buckler
 o - a +2 cloak (worn)
 v - a +2 robe of willpower
 y - a +2 pair of boots (worn)
 z - a +2 hat of intelligence (worn)
 G - a +2 pair of gloves (worn)
 K - an orb of light
Jewellery
 j - a ring of wizardry (left hand)
 l - a ring of willpower (right hand)
 p - the amulet "Aheh Lofeat" (around neck) {RegenMP Str+2 Int+5 Stlth-}
   (You acquired it on level 2 of the Dungeon)

   [amulet of magic regeneration]

   RegenMP:   It increases your rate of magic regeneration.
   Str+2:     It affects your strength (+2).
   Int+5:     It affects your intelligence (+5).
   Stlth-:    It makes you less stealthy.
 u - a ring of protection from cold
Wands
 g - a wand of digging (3)
 E - a wand of charming (3)
Scrolls
 c - 2 scrolls of fog
 d - 3 scrolls of revelation
 e - 2 scrolls of fear
 m - a scroll of butterflies {unknown}
 r - a scroll of enchant armour
 L - a scroll of teleportation
Potions
 f - 2 potions of mutation
 n - 3 potions of brilliance
 q - 2 potions of enlightenment
 s - 2 potions of curing {unknown}
 t - 3 potions of degeneration {unknown}
 w - 7 potions of heal wounds
 x - 3 potions of might {unknown}
 C - 2 potions of cancellation {unknown}


   Skills:
 + Level 8.8 Fighting
 + Level 7.4 Short Blades
 + Level 5.7 Long Blades
 + Level 5.7 Axes
 + Level 5.7 Maces & Flails
 + Level 5.7 Polearms
 + Level 5.7 Staves
 + Level 5.7 Ranged Weapons
 + Level 5.7 Throwing
 + Level 5.7 Armour
 + Level 7.4 Dodging
 + Level 11.1 Stealth
 + Level 5.7 Shields
 + Level 5.7 Unarmed Combat
 + Level 5.7 Spellcasting
 + Level 4.7 Conjurations
 + Level 4.7 Hexes
 + Level 4.7 Summonings
 + Level 4.7 Necromancy
 + Level 4.7 Translocations
 + Level 4.7 Transmutations
 + Level 4.7 Fire Magic
 + Level 4.7 Ice Magic
 + Level 4.7 Air Magic
 + Level 4.7 Earth Magic
 + Level 4.7 Poison Magic
 + Level 6.3 Invocations
 + Level 5.7 Evocations
 + Level 5.2 Shapeshifting


You had 18 spell levels left.
You knew the following spells:

 Your Spells              Type           Power      Damage    Failure   Level
a - Blink                 Tloc           54%        N/A       1%          2

Your spell library contained the following spells:

 Spells                   Type           Power      Damage    Failure   Level
 Apportation              Tloc           54%        N/A       1%          1
 Jinxbite                 Hex            54%        N/A       1%          2
 Lesser Beckoning         Tloc           54%        N/A       1%          2
 Momentum Strike          Conj/Tloc      54%        3d9       1%          2
 Alistair's Intoxication  Tmut/Pois      18%        N/A       17%         5


Dungeon Overview and Level Annotations

Branches:
Dungeon (9/15)             Temple (1/1) D:5            Lair (0/5) D:8
    Orc: D:9-12

Altars:
Cheibriados
Dithmenos
Elyvilon
Fedhas
Gozag
Hepliaklqana
Kikubaaqudgha
Nemelex Xobeh
Okawaru
Qazlal
Ru
Sif Muna
Trog
Uskayaw
Vehumet
Wu Jian
Xom
Yredelemnul
The Shining One

Shops:
D:4 :

Annotations:
D:3 3 runed translucent doors, TheGamechu's ghost, amateur KoEn
D:9 Erolcha


Innate Abilities, Weirdness & Mutations

You have very sharp teeth.
Your uncanny sense of smell can sniff out nearby items.
Your experience applies equally to all skills.
[Armour fits poorly on your strangely shaped body.]
[Your magical capacity is very low. (-20% MP)]
[You are very vulnerable to heat. (rF--)]


Message History

You hit the small abomination.
The small abomination is almost destroyed.
You hit the small abomination.
You destroy the small abomination!
You see here 14 gold pieces.
You now have 1085 gold pieces (gained 14).
The wretched star pulses with an eldritch light!
You feel less energetic. x2
The wretched star pulses with an eldritch light!
You feel vulnerable to heat. x2
The wretched star pulses with an eldritch light!
Your body twists and deforms.
The wretched star glows turbulently.
The lance of force hits you!!
You are knocked back by the lance of force.
You slam into the rock wall!
Aiming: Iceblast
Press: ? - help, Shift-Dir - straight line, f - wretched star
Aim: a wretched star The mass of ice explodes!
The iceblast engulfs the wretched star!!
The wretched star partially resists.
The wretched star is moderately damaged.
The wretched star glows turbulently.
The lance of force hits you!!
* * * LOW HITPOINT WARNING * * *
You are knocked back by the lance of force.
You slam into the rock wall!
* * * LOW HITPOINT WARNING * * *
Aiming: Iceblast
Press: ? - help, Shift-Dir - straight line, f/p - wretched star
Aim: a wretched star (moderately damaged)
The mass of ice explodes!
The iceblast engulfs the wretched star!
The wretched star partially resists.
The wretched star is heavily damaged.
The now-empty wand crumbles to dust.
The wretched star glows turbulently.
The lance of force hits you!
You die...
Your body crumbles into a pile of gold.

#####.## #. #.# #.
#.# ## #* ..# #.#
#.# #.# # #.
#.#####
##.######.###.....#
#...@..#..##...#
....
#..###.##.#.....#
..
#..###.*.......## #
........###.#
#.#######.# #.# ###
#.# #'# ..


You could see a wretched star.

Vanquished Creatures
  Pikel (D:8)
  Jeremiah (D:7)
  Grinder (D:5)
  Sigmund (D:5)
  3 wyverns
  10 yaks (D:7)
  A steam dragon (D:7)
  A small abomination (Abyss:1)
  3 water moccasins (D:7)
  2 ice beasts (D:7)
  2 black bears
  A centaur (D:7)
  An ogre (D:7)
  2 kobold brigands
  A lemure (D:8)
  A phantom (D:6)
  3 bullfrogs
  A gnoll sergeant (D:8)
  2 scorpions
  3 wights (D:8)
  6 killer bees (D:8)
  3 hounds
  3 orc priests (D:7)
  6 jellies
  2 iguanas
  Ijyb (D:5)
  7 orc wizards
  4 gnolls
  9 adders
  2 shadow imps
  A white imp (D:6)
  An ufetubus (D:6)
  A worm (D:2)
  A dart slug (D:2)
  19 orcs
  15 ball pythons
  4 bats
  7 endoplasms
  2 giant cockroaches
  2 goblins (D:1)
  7 hobgoblins
  3 jackals (D:1)
  4 quokkas
  A frilled lizard (D:2)
  15 kobolds
  4 rats
171 creatures vanquished.

Notes
Turn   | Place    | Note
-------+----------+-------------------------------------------
     0 | D:5      | Reached skill level 9 in Stealth
     0 | D:5      | croobank the Gnoll Delver began the quest for the Orb.
     0 | D:5      | Reached XP level 1. HP: 23/23 MP: 1/1
    17 | D:5      | Noticed Sigmund
    24 | D:5      | Killed Sigmund
    25 | D:5      | Reached skill level 1 in Long Blades
    25 | D:5      | Reached skill level 1 in Axes
    25 | D:5      | Reached skill level 1 in Maces & Flails
    25 | D:5      | Reached skill level 1 in Polearms
    25 | D:5      | Reached skill level 1 in Staves
    25 | D:5      | Reached skill level 1 in Ranged Weapons
    25 | D:5      | Reached skill level 1 in Throwing
    25 | D:5      | Reached skill level 1 in Armour
    25 | D:5      | Reached skill level 1 in Shields
    25 | D:5      | Reached skill level 1 in Unarmed Combat
    25 | D:5      | Reached skill level 1 in Spellcasting
    25 | D:5      | Reached skill level 1 in Conjurations
    25 | D:5      | Reached skill level 1 in Hexes
    25 | D:5      | Reached skill level 1 in Summonings
    25 | D:5      | Reached skill level 1 in Necromancy
    25 | D:5      | Reached skill level 1 in Translocations
    25 | D:5      | Reached skill level 1 in Transmutations
    25 | D:5      | Reached skill level 1 in Fire Magic
    25 | D:5      | Reached skill level 1 in Ice Magic
    25 | D:5      | Reached skill level 1 in Air Magic
    25 | D:5      | Reached skill level 1 in Earth Magic
    25 | D:5      | Reached skill level 1 in Poison Magic
    25 | D:5      | Reached skill level 1 in Invocations
    25 | D:5      | Reached skill level 1 in Evocations
    25 | D:5      | Reached skill level 1 in Shapeshifting
    25 | D:5      | Reached XP level 2. HP: 29/29 MP: 1/4
    25 | D:5      | Reached XP level 3. HP: 35/35 MP: 1/5
    25 | D:5      | Reached XP level 4. HP: 41/41 MP: 1/6
    25 | D:5      | Reached XP level 5. HP: 47/47 MP: 1/7
   177 | D:5      | Noticed Ijyb
   258 | D:6      | Noticed a kobold brigand
   522 | D:6      | Found a bloodstained altar of Trog.
   542 | D:6      | Reached XP level 6. HP: 53/53 MP: 8/8
   935 | D:4      | Noticed a black bear
   961 | D:3      | Found a runed translucent gate.
   961 | D:3      | Found a runed translucent gate.
   961 | D:3      | Found a runed translucent gate.
   969 | D:3      | Noticed TheGamechu's ghost (amateur KoEn)
  1309 | D:1      | Found Niof's General Store.
  1524 | D:1      | Reached skill level 5 in Short Blades
  1524 | D:1      | Reached skill level 5 in Dodging
  2082 | D:2      | Identified a scroll of acquirement
  2082 | D:2      | Acquired the amulet "Aheh Lofeat" {RegenMP Str+2 Int+5
                  | Stlth-}
  2890 | D:3      | Found a shimmering altar of Xom.
  3212 | D:3      | Found a faded altar of an unknown god.
  3525 | D:4      | Reached XP level 7. HP: 42/60 MP: 10/10
  3588 | D:4      | Acquired a +2 hat of intelligence
  3763 | D:4      | Found Jisunef's Book Shop.
  4194 | D:5      | Found a staircase to the Ecumenical Temple.
  4246 | D:5      | Noticed Grinder
  4254 | Temple   | Entered the Ecumenical Temple
  4259 | Temple   | Became a worshipper of Gozag Ym Sagoz the Greedy
  4275 | D:5      | Killed Grinder
  4276 | D:5      | Reached skill level 10 in Stealth
  4292 | D:5      | Reached XP level 8. HP: 45/67 MP: 12/12
  4383 | D:5      | Found a hide-covered altar of Uskayaw.
  4443 | D:5      | Killed Ijyb
  5781 | D:7      | Reached XP level 9. HP: 71/73 MP: 14/14
  5790 | D:7      | Learned a level 2 spell: Blink
  5808 | D:7      | Found a shadowy altar of Dithmenos.
  5950 | D:7      | Noticed Jeremiah
  6010 | D:7      | Killed Jeremiah
  6245 | D:7      | Reached skill level 5 in Invocations
  6742 | D:8      | Found a staircase to the Lair.
  6849 | D:7      | Reached XP level 10. HP: 80/80 MP: 17/17
  6856 | D:7      | Reached skill level 5 in Long Blades
  6856 | D:7      | Reached skill level 5 in Axes
  6856 | D:7      | Reached skill level 5 in Maces & Flails
  6856 | D:7      | Reached skill level 5 in Polearms
  6856 | D:7      | Reached skill level 5 in Staves
  6856 | D:7      | Reached skill level 5 in Ranged Weapons
  6856 | D:7      | Reached skill level 5 in Throwing
  6856 | D:7      | Reached skill level 5 in Armour
  6856 | D:7      | Reached skill level 5 in Shields
  6856 | D:7      | Reached skill level 5 in Unarmed Combat
  6856 | D:7      | Reached skill level 5 in Spellcasting
  6856 | D:7      | Reached skill level 5 in Evocations
  7348 | D:7      | Reached skill level 11 in Stealth
  7800 | D:8      | Reached skill level 5 in Shapeshifting
  8057 | D:8      | Noticed Pikel
  8085 | D:8      | Killed Pikel
  8880 | D:9      | Noticed Erolcha
  8888 | Abyss:1  | Cast into level 1 of the Abyss (Erolcha)
  8916 | Abyss:1  | Noticed a wretched star
  8951 | Abyss:1  | Killed from afar by a wretched star

Illustrated notes

Levels and vault maps discovered:
D:1:      matt_arrival_diagonals, layout_loops_corners, serial_shops, shop
D:2:      layout_basic
D:3:      layout_rooms, dk_xom_monty_hall, ebering_ghost_rock_garden,
          dreamdust_ecumenical_altar_hidden_monk_grotto
D:4:      minmay_general_purpose_star, layout_loops_ring, serial_shops,
          kennysheep_mini
D:5:      layout_basic, mainiacjoe_overflow_paths, mainiacjoe_overflow_24_doors,
          temple_statues, serial_rivers, chequers_serial_rivers_micro_c,
          chequers_serial_rivers_room_b, chequers_serial_rivers_small_a,
          chequers_serial_rivers_micro_e, chequers_serial_rivers_large_a,
          uniq_ijyb, uniq_grinder, uniq_sigmund
D:6:      layout_cave_pools, amcnicky_altar_gilded
D:7:      layout_cave_pools, nicolae_overflow_hidden_temple, uniq_jeremiah
D:8:      layout_basic, minmay_lair_entry_grove, uniq_pikel
D:9:      layout_rooms, lemuel_coloured_pillars_altar,
          nicolae_shop_i_like_big_books, uniq_erolcha
Temple:   minmay_freezing_vapour_temple
Abyss:1:  base:
D:1

Skill      XL: |  1  2  3  4  5  6  7  8  9 10 |
---------------+-------------------------------+-----
Stealth        | 10 11 | 11.1
Long Blades    | 1 2 3 4 5 |  5.7
Axes           | 1 2 3 4 5 |  5.7
Maces & Flails | 1 2 3 4 5 |  5.7
Polearms       | 1 2 3 4 5 |  5.7
Staves         | 1 2 3 4 5 |  5.7
Ranged Weapons | 1 2 3 4 5 |  5.7
Throwing       | 1 2 3 4 5 |  5.7
Armour         | 1 2 3 4 5 |  5.7
Shields        | 1 2 3 4 5 |  5.7
Unarmed Combat | 1 2 3 4 5 |  5.7
Spellcasting   | 1 2 3 4 5 |  5.7
Conjurations   | 1 2 3 4 |  4.7
Hexes          | 1 2 3 4 |  4.7
Summonings     | 1 2 3 4 |  4.7
Necromancy     | 1 2 3 4 |  4.7
Translocations | 1 2 3 4 |  4.7
Transmutations | 1 2 3 4 |  4.7
Fire Magic     | 1 2 3 4 |  4.7
Ice Magic      | 1 2 3 4 |  4.7
Air Magic      | 1 2 3 4 |  4.7
Earth Magic    | 1 2 3 4 |  4.7
Poison Magic   | 1 2 3 4 |  4.7
Invocations    | 1 2 3 4 5 6 |  6.3
Evocations     | 1 2 3 4 5 |  5.7
Shapeshifting  | 1 2 3 4 5 |  5.2
Short Blades   | 5 6 7 |  7.4
Dodging        | 5 6 7 |  7.4
Fighting       | 7 8 |  8.8

Action                     |  1- 3 |  4- 6 |  7- 9 | 10-12 || total
---------------------------+-------+-------+-------+-------++-------
  Melee: Short sword       |     1 |   296 |   339 |   235 ||   871
         Bite              |       |    24 |    44 |    26 ||    94
         Punch             |       |     4 |     7 |     8 ||    19
  Throw: Dart              |       |       |     1 |     1 ||     2
         Throwing net      |       |       |       |     2 ||     2
  Evoke: Wand              |       |       |     8 |     9 ||    17
    Use: Scroll            |       |    10 |     9 |     1 ||    20
         Potion            |       |     1 |     3 |     1 ||     5
   Stab: Sleeping          |     1 |    19 |     5 |     1 ||    26
         Distracted        |       |       |     1 |     2 ||     3
         Held in net/web   |       |       |       |     1 ||     1
 Armour: Leather armour    |       |   142 |   171 |   101 ||   414
         Skin              |       |       |       |    46 ||    46
  Dodge: Dodged            |       |   183 |   170 |   114 ||   467

Table legend: (Time is in decaauts)
 A = Elapsed time spent in this place.
 B = Non-inter-level travel time spent in this place.
 C = Inter-level travel time spent in this place.
 D = Time resting spent in this place.
 E = Time spent auto-exploring this place.
 F = Levels seen in this place.
 G = Mean time per level.
                   A        B        C        D        E       F      G
               +--------+--------+--------+--------+--------+-----+--------+
         Total |   8709 |   8418 |    291 |   2347 |   3828 |  11 |  791.7 |
       Dungeon |   8638 |   8352 |    286 |   2347 |   3828 |   9 |  959.8 |
        Temple |     10 |      5 |      5 |      0 |      0 |   1 |   10.0 |
         Abyss |     60 |     60 |      0 |      0 |      0 |   1 |   60.0 |
               +--------+--------+--------+--------+--------+-----+--------+

Top non-repeatable levels by time:
     D:7: 1868 daAuts
     D:5: 1350 daAuts
     D:8: 1305 daAuts
     D:1: 900 daAuts
     D:6: 864 daAuts
     D:2: 846 daAuts
     D:4: 788 daAuts
     D:3: 697 daAuts
 Abyss:1: 60 daAuts
     D:9: 15 daAuts
  Temple: 10 daAuts
